 Dungeon Crawl Stone Soup version 0.32-a0-938-g40ac7a0f4d (webtiles) character file.

Game seed: 11415572145004456136

112 Revguard the Chopper (level 4, -7/37 HPs)
             Began as a Coglin Chaos Knight on Apr 15, 2024.
             Was a Plaything of Xom.
             Mangled by a ribbon worm (10 damage)
             ... on level 2 of the Dungeon.
             The game lasted 00:04:27 (917 turns).

Revguard the Chopper (Coglin Chaos Knight)           Turns: 917, Time: 00:04:28

Health: -7/37      AC:  7    Str: 14    XL:     4   Next: 95%
Magic:  4/4        EV:  5    Int: 12    God:    Xom [......]
Gold:   129        SH:  0    Dex: 13    Spells: 3/3 levels left

rFire   . . .        a - +0 hand axe (chaos) {Tae}
rCold   . . .        q - +2 dagger (speed) {Hwan}
rNeg    . . .        b - +2 leather armour
rPois   .            o - +0 helmet
rElec   .            (no cloak)
rCorr   .            (no gloves)
SInv    .            m - +0 pair of boots
Will    .....        (amulet unavailable)
Stlth   +            (ring unavailable)
HPRegen 0.26/turn    (ring unavailable)
MPRegen 0.09/turn    (no gizmo)

%: no passive effects
@: held, revved
A: off-hand wielding, slow wielding, warmup strikes, no jewellery
a: Invent Gizmo, Renounce Religion


You were on level 2 of the Dungeon.
You worshipped Xom.
You were a very special plaything of Xom.
You visited 1 branch of the dungeon, and saw 2 of its levels.

You collected 129 gold pieces.

Inventory:

Hand Weapons
 a - a +0 hand axe of chaos (weapon) {Tae}
 d - a +0 dagger {Luis}
 e - a +0 hand axe {Ming}
 q - a +2 dagger of speed (offhand) {Hwan}
Armour
 b - a +2 leather armour (worn)
 m - a +0 pair of boots (worn)
 o - a +0 helmet (worn)
Wands
 n - a wand of flame (24)
Scrolls
 c - a scroll of butterflies
 f - a scroll of immolation {unknown}
 g - 2 scrolls of enchant armour {unknown}
 h - 2 scrolls of teleportation {unknown}
 i - a scroll of vulnerability {unknown}
 j - 2 scrolls of identify {unknown}
 k - a scroll of revelation {unknown}
Potions
 l - a potion of haste {unknown}
 p - 2 potions of heal wounds {unknown}
 r - a potion of enlightenment {unknown}


   Skills:
 * Level 3.7 Fighting
 * Level 3.9 Axes
 + Level 2.4 Armour
 + Level 1.5 Dodging
 + Level 1.6 Evocations


You had 3 spell levels left.
You didn't know any spells.
Your spell library contained the following spells:

 Spells                   Type           Power      Damage    Failure   Level
 Kiss of Death            Conj/Necr      0%         2d5       38%         1
 Vampiric Draining        Necr           0%         2d6       77%         3
 Volatile Blastmotes      Fire/Tloc      0%         2d10      77%         3
 Summon Forest            Summ/Tloc      0%         N/A       100%        5
 Gell's Gavotte           Tloc           0%         2d(11-16) 100%        6


Dungeon Overview and Level Annotations

Branches:
Dungeon (2/15)

Altars:


Innate Abilities, Weirdness & Mutations

You can wield a second weapon in your off-hand.
It takes a long time for you to wield or remove held weapons.
Your first few attacks do less damage.
You cannot equip rings or amulets.


Message History

The ribbon worm is heavily wounded.
You hit the ribbon worm with your +2 dagger of speed.
The ribbon worm barely misses you.
You hit the ribbon worm but do no damage.
The ribbon worm seems to grow stronger.
Xom thinks this is hilarious!
The ribbon worm is severely wounded.
You hit the ribbon worm with your +2 dagger of speed.
The ribbon worm bites you!
You hit the ribbon worm but do no damage.
The ribbon worm is duplicated!
The ribbon worm is severely wounded.
You hit the ribbon worm with your +2 dagger of speed.
The ribbon worm closely misses you.
The ribbon worm expels a string of sticky webbing.
The stream of webbing hits you but does no damage.
You are caught in a web!
Unknown command.
The web tears apart.
The ribbon worm misses you. The ribbon worm barely misses you.
You hit the ribbon worm but do no damage.
The ribbon worm is heavily wounded.
You barely miss the ribbon worm with your +0 hand axe of chaos.
You hit the ribbon worm but do no damage.
The ribbon worm is moving more slowly.
The ribbon worm bites you. The ribbon worm bites you!
* * * LOW HITPOINT WARNING * * *
You hit the ribbon worm with your +2 dagger of speed.
The ribbon worm is almost dead.
You hit the ribbon worm with your +0 hand axe of chaos. x2
The ribbon worm expels a string of sticky webbing.
The stream of webbing hits you but does no damage.
You are caught in a web!
The ribbon worm bites you but does no damage.
The web tears apart.
The ribbon worm bites you!
* * * LOW HITPOINT WARNING * * *
The ribbon worm expels a string of sticky webbing.
The stream of webbing hits you but does no damage.
You are caught in a web!
The ribbon worm bites you!
You die...

.# #..####.# #.#
#.# .###.## ## #.#
#.# .....# .#
#.###.### ...###
.. #.#....>#
.....# .
####.#.)...#
.....# ##'
#[.........#
...#.# #..#
####.#.....#
...#.#
#..ß######.#.....#
.#.#.#
#.w@).?.#...#####
.#...#
#.w.).|.'...#
###..#
#..ß######.#.# #
#<## #..# ..#..#
#..# ##' #####.#
##.# .. .# #.# ..
.# #.######### .#
#..........


You could see 2 ribbon worms.

Vanquished Creatures
  Jessica (D:2)
  Robin (D:2)
  An adder (D:2)
  3 bats (D:1)
  8 endoplasms
  5 giant cockroaches
  7 hobgoblins
  3 jackals (D:1)
  4 kobolds
  3 ball pythons
  4 frilled lizards
  14 goblins
  4 rats
  A spectral goblin (D:1)
59 creatures vanquished.

Notes
Turn   | Place    | Note
-------+----------+-------------------------------------------
     0 | D:1      | Revguard the Coglin Chaos Knight began the quest for the
                  | Orb.
     0 | D:1      | Reached XP level 1. HP: 18/18 MP: 1/1
     1 | D:1      | Got the Precepts of the Necropsy and the Map
    58 | D:1      | Reached skill level 1 in Dodging
    64 | D:1      | Reached XP level 2. HP: 21/24 MP: 2/2
   238 | D:1      | Reached skill level 1 in Evocations
   240 | D:1      | Reached XP level 3. HP: 29/29 MP: 3/3
   244 | D:1      | XOM: smoke on damage
   350 | D:1      | Found a faded altar of an unknown god.
   400 | D:1      | XOM: cloud trail
   522 | D:2      | Noticed Robin
   528 | D:2      | XOM: confuse monster(s)
   533 | D:2      | Reached XP level 4. HP: 25/35 MP: 4/4
   541 | D:2      | Killed Robin
   868 | D:2      | Noticed Jessica
   876 | D:2      | Killed Jessica
   908 | D:2      | XOM: enchant monster (bad)
   917 | D:2      | Mangled by a ribbon worm

Illustrated notes

Levels and vault maps discovered:
D:1:      roderic_dead_forest, layout_rooms,
          dreamdust_ecumenical_altar_drowned_temple
D:2:      minmay_chambers_of_twos, layout_rooms, uniq_robin, uniq_jessica

Skill      XL: |  1  2 |
---------------+-------+-----
Dodging        | 1 |  1.5
Armour         | 2 |  2.4
Evocations     | 1 |  1.6
Fighting       | |  3.7
Axes           | |  3.9

Action                     |  1- 3 |  4- 6 || total
---------------------------+-------+-------++-------
  Melee: Hand axe          |   110 |    41 ||   151
         Dagger            |     3 |    12 ||    15
   Stab: Distracted        |     1 |       ||     1
         Confused          |     1 |       ||     1
 Armour: Leather armour    |    41 |    24 ||    65
  Dodge: Dodged            |    33 |    21 ||    54

Table legend: (Time is in decaauts)
 A = Elapsed time spent in this place.
 B = Non-inter-level travel time spent in this place.
 C = Inter-level travel time spent in this place.
 D = Time resting spent in this place.
 E = Time spent auto-exploring this place.
 F = Levels seen in this place.
 G = Mean time per level.
                   A        B        C        D        E       F      G
               +--------+--------+--------+--------+--------+-----+--------+
         Total |    930 |    911 |     19 |      0 |    608 |   2 |  465.0 |
       Dungeon |    930 |    911 |     19 |      0 |    608 |   2 |  465.0 |
               +--------+--------+--------+--------+--------+-----+--------+

Top non-repeatable levels by time:
     D:1: 516 daAuts
     D:2: 414 daAuts
